 Dungeon Crawl Stone Soup version 0.25-a0-940-gc6eaff51cc (webtiles) character file.

Game seed: 15871798751958782921, levelgen mode: deterministic

1514 kae the Frost Mage (level 8, -8/60 (61) HPs)
             Began as a Merfolk Ice Elementalist on May 5, 2020.
             Was a Believer of Sif Muna.
             Mangled by an ogre
             ... wielding a +0 giant club
              (16 damage)
             ... on level 7 of the Dungeon.
             The game lasted 00:07:32 (8451 turns).

kae the Frost Mage (Merfolk Ice Elementalist)       Turns: 8451, Time: 00:07:33

HP:   -8/60 (61)    AC:  7    Str:  8    XL:     8   Next: 83%
MP:   9/15          EV: 12    Int: 16    God:    Sif Muna [**....]
Gold: 510           SH:  0    Dex: 15    Spells: 10/17 levels left

rFire    . . .     SeeInvis .   a - +9 staff of Olgreb {rPois∞}
rCold    + . .     Gourm    .   (no shield)
rNeg     . . .     Faith    .   D - +3 leather armour of Indemnity {rC+}
rPois    ∞         Spirit   .   (no helmet)
rElec    .         Reflect  .   t - +0 cloak
rCorr    .         Harm     .   (no gloves)
MR       .....                  (no boots)
Stlth    +++.......             (no amulet)
HPRegen  0.20/turn              r - ring of wizardry
MPRegen  0.14/turn              w - ring of stealth

@: frozen ramparts
A: change form in water, swift swim, stealthy swim
a: Channel Magic, Renounce Religion


You were on level 7 of the Dungeon.
You worshipped Sif Muna.
Sif Muna was pleased with you.
You were not hungry.

You visited 2 branches of the dungeon, and saw 8 of its levels.

You collected 510 gold pieces.

Inventory:

Hand Weapons
 a - the +9 staff of Olgreb (weapon) {rPois∞}
   (You found it on level 7 of the Dungeon)

   It grants immunity to poison.
 b - a +4 spear
 k - a +0 short sword
Armour
 t - a +0 cloak (worn)
 D - the +3 leather armour of Indemnity (worn) {rC+}
   (You found it on level 4 of the Dungeon)

   It protects you from cold.
 G - a +0 robe
Jewellery
 m - a +5 ring of evasion {unknown}
 r - a ring of wizardry (left hand)
 w - a ring of stealth (right hand)
 y - an uncursed ring of resist corrosion
 E - an uncursed ring of poison resistance {unknown}
Wands
 g - a wand of polymorph (8)
 s - a wand of iceblast (13)
 C - a wand of flame (1)
 I - a wand of acid (5)
Scrolls
 d - 15 scrolls of identify
 e - 3 scrolls of magic mapping
 i - a scroll of fog
 j - 2 scrolls of noise
 n - 3 scrolls of immolation
 v - 2 scrolls of enchant weapon
 H - a scroll of teleportation
Potions
 f - 2 potions of might
 h - a potion of magic {unknown}
 l - 5 potions of curing
 o - 2 potions of degeneration
 p - 4 potions of lignification
 q - 2 potions of brilliance
 u - 2 potions of haste
 x - 3 potions of cancellation
 z - a potion of invisibility
 A - 3 potions of mutation
 B - 2 potions of heal wounds
 F - a potion of stabbing {unknown}
Comestibles
 c - 14 rations


   Skills:
 + Level 4.9 Fighting
 - Level 2.6 Dodging
 - Level 2.1 Stealth
 - Level 5.0 Spellcasting
 - Level 10.0 Ice Magic


You had 10 spell levels left.
You knew the following spells:

 Your Spells              Type           Power        Failure   Level  Hunger
a - Freeze                Ice            ####         1%          1    None
b - Frozen Ramparts       Ice            #####.       1%          3    ###....
c - Ozocubu's Armour      Chrm/Ice       ###.....     3%          3    ###....

Your spell library contained the following spells:

 Spells                   Type           Power        Failure   Level  Hunger
 Animate Skeleton         Necr           N/A          9%          1    None
 Apportation              Tloc           #.....       9%          1    None
 Corona                   Hex            #......      9%          1    None
 Sting                    Tmut/Pois      #...         9%          1    None
 Summon Small Mammal      Summ           #...         9%          1    None
 Hailstorm                Conj/Ice       ###.....     12%         4    ####...
 Summon Ice Beast         Ice/Summ       ###.....     12%         4    ####...
 Poisonous Vapours        Pois/Air       #.....       13%         2    #......
 Ignite Poison            Fire/Tmut/Pois #.......     26%         3    ###....
 Mephitic Cloud           Conj/Pois/Air  #.......     26%         3    ###....
 Olgreb's Toxic Radiance  Pois           #.......     61%         4    ####...


Dungeon Overview and Level Annotations

Branches:
Dungeon (7/15)             Temple (1/1) D:5

Altars:
Ashenzari
Gozag
Hepliaklqana
Makhleb
Nemelex Xobeh
Okawaru
Qazlal
Ru
Sif Muna
Trog
Uskayaw
Vehumet
Wu Jian
Xom
Yredelemnul
Zin

Annotations:
D:1 exclusion: gnoll
D:3 Grinder
D:5 exclusions: ogre and 2 sky beasts


Message History

You freeze the ogre.
The ogre is moderately wounded.
Casting: Freeze (safe; 1% risk of failure)
Confirm with . or Enter, or press ? or * to list all spells.
Aiming: Freeze (safe; 1% risk of failure)
Press: ? - help, Shift-Dir - straight line, f/p - ogre
Aim: an ogre, wielding a +0 giant club (moderately wounded)
You freeze the ogre.
The ogre is heavily wounded.
The wall freezes the ogre.
The ogre hits you with a +0 giant club!
* * * LOW HITPOINT WARNING * * *
Casting: Freeze (safe; 1% risk of failure)
Confirm with . or Enter, or press ? or * to list all spells.
Aiming: Freeze (safe; 1% risk of failure)
Press: ? - help, Shift-Dir - straight line, f/p - ogre
Aim: an ogre, wielding a +0 giant club (heavily wounded)
You freeze the ogre.
The ogre is severely wounded.
The wall freezes the ogre.
The ogre hits you with a +0 giant club!
You die...

# ##..........##..#...........
# ##........#######..........
######..##...# #..##..........
..##.....#...# ##.#......#....
..>#.8..###..# #).#.....###...
........#...#####'#.##........
...#.#..#...#.......##........
........#...#....O............
................@#............
...............####<##........
...>......#....####O..........
##.......##.....##.....#.###..
###.....###............#..# #.
. ###....................#. .
...
.###...##..................
#..
.###....#..........O.......
.....
.....#.##..........<......#
.....


You could see an ogre.

Vanquished Creatures
  A spriggan (D:7)
  A sky beast (D:6)
  An ogre (D:4)
  A necrophage (D:6)
  3 bullfrogs (D:6)
  2 scorpions (D:6)
  5 crimson imps
  A hound (D:4)
  A bullfrog skeleton (D:6)
  An orc wizard (D:6)
  2 orc priests (D:5)
  6 worker ants
  2 iguanas
  Natasha (thrice) (D:3 D:6)
  Robin (D:4)
  3 gnolls (D:2)
  7 adders
  An ooze (D:6)
  An adder skeleton (D:4)
  2 worms
  2 dart slugs
  7 leopard geckos
  14 orcs
  5 giant cockroaches
  16 goblins
  10 hobgoblins
  10 jackals
  8 kobolds
  4 quokkas
  5 bats
  3 frilled lizards
  A jackal zombie (D:6)
  8 rats
138 creatures vanquished.

Notes
Turn   | Place    | Note
-------+----------+-------------------------------------------
     0 | D:1      | kae the Merfolk Ice Elementalist began the quest for the
                  | Orb.
     0 | D:1      | Reached XP level 1. HP: 13/13 MP: 3/3
   525 | D:1      | Reached XP level 2. HP: 16/19 MP: 1/5
  1103 | D:2      | Reached skill level 5 in Ice Magic
  1182 | D:2      | Reached XP level 3. HP: 18/24 MP: 1/6
  1402 | D:2      | Found a bloodstained altar of Trog.
  1810 | D:2      | Reached XP level 4. HP: 21/30 MP: 1/8
  2790 | D:3      | Noticed Natasha
  2794 | D:3      | Killed Natasha
  2794 | D:3      | Reached skill level 6 in Ice Magic
  2794 | D:3      | Reached XP level 5. HP: 26/35 MP: 6/9
  2973 | D:3      | Noticed Natasha
  2983 | D:3      | Killed Natasha
  3528 | D:3      | Noticed Natasha
  3705 | D:3      | Noticed Grinder
  4016 | D:4      | Learned a level 3 spell: Frozen Ramparts
  4020 | D:4      | Learned a level 3 spell: Ozocubu's Armour
  4101 | D:4      | You fall into a shaft and drop 1 floor!
  4101 | D:5      | Entered Level 5 of the Dungeon
  4263 | D:5      | Noticed an ogre
  4280 | D:5      | Reached XP level 6. HP: 26/41 MP: 7/11
  4434 | D:5      | Found a staircase to the Ecumenical Temple.
  4473 | D:5      | Noticed a sky beast
  4482 | Temple   | Entered the Ecumenical Temple
  4601 | Temple   | Became a worshipper of Sif Muna the Loreminder
  4635 | D:5      | Found a basalt altar of Yredelemnul.
  4638 | D:5      | Reached skill level 7 in Ice Magic
  4844 | D:5      | Noticed a sky beast
  5114 | D:5      | Noticed an ice beast
  5632 | D:4      | Found a shattered altar of Ashenzari.
  5743 | D:4      | Reached XP level 7. HP: 17/46 MP: 5/13
  5958 | D:4      | Noticed Robin
  5962 | D:4      | Reached skill level 8 in Ice Magic
  5971 | D:4      | Killed Robin
  6121 | D:4      | Found a sparkling altar of Nemelex Xobeh.
  6140 | D:4      | Reached * piety under Sif Muna
  6227 | D:4      | Found a stormy altar of Qazlal.
  6230 | D:4      | Noticed a water elemental
  6230 | D:4      | Noticed an air elemental
  6230 | D:4      | Noticed a fire elemental
  6471 | D:4      | Found a burning altar of Makhleb.
  6472 | D:4      | Found a radiant altar of Vehumet.
  6624 | D:4      | Got a scorched leather armour
  6635 | D:4      | Identified the +3 leather armour of Indemnity {rC+} (You
                  | found it on level 4 of the Dungeon)
  7119 | D:6      | Killed Natasha
  7220 | D:6      | Reached skill level 9 in Ice Magic
  7220 | D:6      | Reached XP level 8. HP: 44/52 MP: 9/15
  7375 | D:6      | Reached skill level 5 in Spellcasting
  7601 | D:6      | Reached skill level 10 in Ice Magic
  7601 | D:6      | Reached skill level 1 in Fighting
  8160 | D:7      | Reached ** piety under Sif Muna
  8251 | D:7      | Found the +9 staff of Olgreb {rPois∞}
  8341 | D:7      | Noticed a spriggan baker
  8344 | D:7      | Killed a spriggan baker
  8451 | D:7      | Mangled by an ogre

Levels and vault maps discovered:
D:1:      nzn_arrival_settlement, layout_loops_ring
D:2:      layout_loops_cross, lemuel_doored_altar, dk_noncrumbling_2
D:3:      layout_loops_ring, tso_oasis_becter, fountainhead,
          grunt_decor_fettered, minmay_pentangle, uniq_natasha, uniq_grinder
D:4:      layout_loops_corners, grunt_temple_overflow_lords_of_destruction,
          nemelex_xobeh_ov_fountains_minmay, nicolae_qazlal_style_of_elements,
          kennysheep_little_box, first_ration, uniq_robin
D:5:      layout_basic, yredelemnul_altar_generic, temple_pool_b
D:6:      layout_basic, minmay_bent
D:7:      layout_cave_pools, serial_column_ruins, column_ruins_hut_pillars,
          column_ruins_hut_ruined, column_ruins_open_small, column_ruins_grid_1,
          column_ruins_corridor_straight, column_ruins_open_small_water,
          the_bakery
Temple:   nicolae_temple_figure_zero

Skill      XL: |  1  2  3  4  5  6  7  8 |
---------------+-------------------------+-----
Ice Magic      | 5 6 7 9 10 | 10.0
Spellcasting   | 3 4 5 |  5.0
Fighting       | 4 |  4.9
Dodging        | |  2.6
Stealth        | |  2.1

Action                   |  1- 3 |  4- 6 |  7- 9 || total
-------------------------+-------+-------+-------++-------
Melee: Unarmed           |     8 |       |       ||     8
       Short sword       |    13 |    16 |       ||    29
       Spear             |       |    29 |    53 ||    82
       Staff             |       |       |     5 ||     5
 Cast: Freeze            |    53 |    83 |    83 ||   219
       Frozen Ramparts   |       |       |     5 ||     5
Evoke: Staff of Olgreb   |       |       |     1 ||     1
  Use: Potion            |       |     4 |       ||     4
       Scroll            |       |       |    14 ||    14
 Stab: Sleeping          |     1 |    11 |     8 ||    20
  Eat: Chunk             |     3 |    12 |     9 ||    24
Armor: Robe              |     8 |     7 |     2 ||    17
       Leather armour    |       |       |    18 ||    18
Dodge: Dodged            |    34 |    49 |    43 ||   126

Table legend:
 A = Non-vault XP
 B = Vault XP
 C = Vault XP percentage of total XP
 D = Non-vault monster count
 E = Vault monster count
 F = Vault count percentage of total count
                 A         B        C        D         E       F
            +---------+---------+-------+---------+---------+-------
      Total |    1521 |     643 |  29.7 |     117 |      21 |  15.2
            +---------+---------+-------+---------+---------+-------
        D:1 |      26 |       0 |   0.0 |      16 |       0 |   0.0
        D:2 |     101 |       0 |   0.0 |      27 |       0 |   0.0
        D:3 |      96 |      72 |  42.9 |      19 |       2 |   9.5
        D:4 |     337 |      83 |  19.8 |      19 |      12 |  38.7
        D:5 |     218 |       0 |   0.0 |      12 |       0 |   0.0
        D:6 |     657 |     277 |  29.7 |      21 |       6 |  22.2
        D:7 |      86 |     211 |  71.0 |       3 |       1 |  25.0
            +---------+---------+-------+---------+---------+-------
